[ AOE2 MATCH · #504648859 ]
UnrankedMagyars vs Mongols
Player's team · WIN
Rival team · LOSS
[ REPLAY ANALYSIS · EXTRACTED FROM THE RECORDED GAME ]
Feudal
8:54
Castle
29:00
Imperial
—
| APM avg | 127.9 |
| APM peak | 224 |
| eAPM avg | 63.8 |
| Villagers / military | 72 / 70 |
Focus
⚔️ 72.1% · 🌾 27.9%
Scout Cavalry ×51 · Knight ×12 · Mangonel ×4 · Spearman ×3
Feudal
7:35
Castle
24:37
Imperial
—
| APM avg | 64.9 |
| APM peak | 95 |
| eAPM avg | 27.5 |
| Villagers / military | 74 / 57 |
Focus
⚔️ 29.4% · 🌾 70.6%
Archer ×28 · Scout Cavalry ×11 · Spearman ×9 · Cavalry Archer ×6 · Camel Scout ×3
Match map
Initial resources + every placement click. Lines = walls · curves = elevation contours. ◆ gold · ⬟ stone · ● berries · ✦ relic · ◌ wall gap
Your base· Open — 9t gap
El_Ti_Rex's base· Open — 13t gap
Smoothed initial terrain · ◌ = detected wall gap · hover for details
Inputs per minute
— Iam_SoBad - - El_Ti_Rex
Build order — Iam_SoBad
First 150 of 230 actions detected
| 0:00 | Create | Villager (Male) |
| 0:00 | Create | Villager (Male) |
| 0:01 | Create | Villager (Male) |
| 0:01 | Create | Villager (Male) |
| 0:02 | Build | House |
| 0:03 | Build | House |
| 1:22 | Create | Villager (Male) |
| 1:23 | Create | Villager (Male) |
| 1:49 | Create | Villager (Male) |
| 1:52 | Build | Lumber Camp |
| 2:19 | Create | Villager (Male) |
| 2:43 | Create | Villager (Male) |
| 3:03 | Create | Villager (Male) |
| 3:40 | Create | Villager (Male) |
| 3:40 | Create | Villager (Male) |
| 4:01 | Create | Villager (Male) |
| 4:02 | Create | Villager (Male) |
| 4:19 | Build | House |
| 4:22 | Create | Villager (Male) |
| 4:22 | Create | Villager (Male) |
| 4:53 | Create | Villager (Male) |
| 4:55 | Create | Villager (Male) |
| 4:55 | Create | Villager (Male) |
| 4:56 | Create | Villager (Male) |
| 5:37 | Build | Mill |
| 5:43 | Create | Villager (Male) |
| 5:46 | Research | Loom |
| 6:44 | Research | Feudal Age |
| 6:44 | Research | Feudal Age |
| 7:21 | Build | House |
| 7:22 | Build | Barracks |
| 8:02 | Build | Palisade Wall |
| 8:07 | Create | Villager (Male) |
| 8:38 | Create | Villager (Male) |
| 8:54 | Age | Feudal Age |
| 8:55 | Build | Stable |
| 9:03 | Create | Spearman |
| 9:12 | Research | Double-Bit Axe |
| 9:23 | Create | Villager (Male) |
| 9:31 | Create | Scout Cavalry |
| 9:31 | Create | Scout Cavalry |
| 9:40 | Create | Spearman |
| 10:02 | Research | Horse Collar |
| 10:02 | Research | Horse Collar |
| 10:05 | Build | House |
| 10:06 | Create | Scout Cavalry |
| 10:20 | Create | Villager (Male) |
| 10:24 | Build | House |
| 10:30 | Create | Villager (Male) |
| 10:35 | Build | House |
| 11:02 | Create | Villager (Male) |
| 11:10 | Create | Scout Cavalry |
| 11:25 | Create | Villager (Male) |
| 11:28 | Create | Scout Cavalry |
| 11:58 | Create | Scout Cavalry |
| 12:00 | Build | Farm |
| 12:00 | Build | Farm |
| 12:02 | Build | Farm |
| 12:02 | Build | Farm |
| 12:08 | Create | Scout Cavalry |
| 12:10 | Build | Farm |
| 12:31 | Build | Farm |
| 12:32 | Build | Farm |
| 12:33 | Build | Farm |
| 12:52 | Create | Scout Cavalry |
| 13:06 | Build | Farm |
| 13:07 | Build | Farm |
| 13:14 | Build | Farm |
| 13:19 | Create | Villager (Male) |
| 13:22 | Build | House |
| 13:22 | Build | House |
| 13:32 | Create | Spearman |
| 13:34 | Build | Farm |
| 13:34 | Create | Villager (Male) |
| 13:35 | Create | Villager (Male) |
| 13:52 | Create | Villager (Male) |
| 14:20 | Create | Villager (Male) |
| 14:27 | Build | Blacksmith |
| 14:35 | Create | Scout Cavalry |
| 14:58 | Build | Farm |
| 14:59 | Build | Farm |
| 15:04 | Build | Farm |
| 15:05 | Research | Scale Barding Armor |
| 15:06 | Research | Scale Barding Armor |
| 15:10 | Create | Villager (Male) |
| 15:11 | Create | Villager (Male) |
| 15:40 | Create | Scout Cavalry |
| 15:42 | Build | Mining Camp |
| 15:47 | Create | Scout Cavalry |
| 15:54 | Create | Scout Cavalry |
| 15:55 | Create | Villager (Male) |
| 16:12 | Build | Stable |
| 16:38 | Create | Villager (Male) |
| 16:40 | Create | Scout Cavalry |
| 16:43 | Create | Villager (Male) |
| 16:46 | Create | Villager (Male) |
| 17:12 | Research | Bloodlines |
| 17:15 | Create | Villager (Male) |
| 17:16 | Build | Farm |
| 17:18 | Build | House |
| 17:18 | Build | House |
| 17:25 | Create | Scout Cavalry |
| 17:25 | Create | Scout Cavalry |
| 17:40 | Create | Villager (Male) |
| 17:45 | Create | Scout Cavalry |
| 17:45 | Create | Scout Cavalry |
| 17:46 | Create | Scout Cavalry |
| 18:01 | Build | Lumber Camp |
| 18:35 | Create | Scout Cavalry |
| 18:35 | Create | Scout Cavalry |
| 18:54 | Create | Scout Cavalry |
| 18:55 | Create | Scout Cavalry |
| 19:01 | Build | Farm |
| 19:01 | Create | Villager (Male) |
| 19:05 | Build | Farm |
| 19:06 | Build | Farm |
| 19:10 | Create | Scout Cavalry |
| 19:10 | Create | Scout Cavalry |
| 19:15 | Build | Farm |
| 19:17 | Create | Villager (Male) |
| 19:18 | Create | Villager (Male) |
| 19:20 | Build | House |
| 19:21 | Build | House |
| 19:32 | Create | Scout Cavalry |
| 19:50 | Create | Villager (Male) |
| 20:09 | Create | Scout Cavalry |
| 20:09 | Create | Scout Cavalry |
| 20:19 | Create | Villager (Male) |
| 20:27 | Create | Villager (Male) |
| 20:27 | Create | Villager (Male) |
| 20:33 | Create | Villager (Male) |
| 21:00 | Create | Scout Cavalry |
| 21:00 | Create | Scout Cavalry |
| 21:00 | Create | Scout Cavalry |
| 21:08 | Create | Villager (Male) |
| 21:11 | Build | Farm |
| 21:11 | Build | Farm |
| 21:18 | Create | Scout Cavalry |
| 21:18 | Create | Scout Cavalry |
| 21:25 | Create | Villager (Male) |
| 21:25 | Create | Villager (Male) |
| 21:53 | Create | Villager (Male) |
| 21:55 | Build | Mill |
| 22:10 | Create | Scout Cavalry |
| 22:11 | Create | Scout Cavalry |
| 22:12 | Build | Stable |
| 22:29 | Create | Scout Cavalry |
| 22:29 | Create | Scout Cavalry |
| 22:30 | Create | Scout Cavalry |
| 22:39 | Build | Watch Tower |
Build order — El_Ti_Rex
First 150 of 209 actions detected
| 0:00 | Create | Villager (Male) |
| 0:02 | Build | House |
| 0:03 | Build | House |
| 0:18 | Create | Villager (Male) |
| 0:32 | Create | Villager (Male) |
| 0:44 | Create | Villager (Male) |
| 1:40 | Create | Villager (Male) |
| 1:48 | Build | Lumber Camp |
| 2:03 | Create | Villager (Male) |
| 2:03 | Create | Villager (Male) |
| 2:15 | Build | House |
| 2:25 | Create | Villager (Male) |
| 2:27 | Create | Villager (Male) |
| 3:10 | Create | Villager (Male) |
| 3:32 | Create | Villager (Male) |
| 3:49 | Create | Villager (Male) |
| 4:24 | Create | Villager (Male) |
| 4:39 | Build | Mill |
| 4:52 | Create | Villager (Male) |
| 5:21 | Research | Feudal Age |
| 6:13 | Build | House |
| 6:44 | Build | Barracks |
| 7:03 | Research | Loom |
| 7:35 | Age | Feudal Age |
| 7:39 | Build | Stable |
| 7:57 | Research | Double-Bit Axe |
| 7:58 | Create | Villager (Male) |
| 8:04 | Build | House |
| 8:15 | Create | Villager (Male) |
| 8:21 | Create | Scout Cavalry |
| 8:26 | Build | House |
| 8:31 | Create | Scout Cavalry |
| 8:32 | Create | Villager (Male) |
| 8:58 | Create | Villager (Male) |
| 9:07 | Create | Scout Cavalry |
| 9:16 | Build | Archery Range |
| 9:18 | Create | Villager (Male) |
| 9:38 | Create | Scout Cavalry |
| 10:00 | Build | Farm |
| 10:02 | Create | Villager (Male) |
| 10:08 | Build | House |
| 10:16 | Build | Mining Camp |
| 10:24 | Create | Villager (Male) |
| 10:37 | Create | Villager (Male) |
| 10:48 | Create | Archer |
| 11:09 | Create | Villager (Male) |
| 11:16 | Build | Blacksmith |
| 11:25 | Create | Villager (Male) |
| 11:28 | Build | Farm |
| 11:43 | Build | Palisade Gate |
| 11:59 | Create | Archer |
| 12:02 | Create | Villager (Male) |
| 12:10 | Build | House |
| 12:30 | Create | Villager (Male) |
| 12:53 | Create | Villager (Male) |
| 13:15 | Create | Villager (Male) |
| 13:19 | Create | Scout Cavalry |
| 13:19 | Create | Scout Cavalry |
| 13:23 | Create | Archer |
| 13:27 | Create | Villager (Male) |
| 13:28 | Build | Farm |
| 13:45 | Build | Palisade Wall |
| 13:50 | Create | Villager (Male) |
| 13:53 | Create | Scout Cavalry |
| 14:00 | Build | Farm |
| 14:02 | Build | Farm |
| 14:06 | Build | Farm |
| 14:09 | Build | Palisade Wall |
| 14:11 | Build | Palisade Wall |
| 14:23 | Create | Archer |
| 14:24 | Create | Villager (Male) |
| 14:31 | Create | Villager (Male) |
| 14:33 | Create | Villager (Male) |
| 14:35 | Build | Farm |
| 14:36 | Build | Farm |
| 14:37 | Build | Farm |
| 14:40 | Build | Farm |
| 15:00 | Build | House |
| 15:01 | Create | Archer |
| 15:08 | Create | Archer |
| 15:15 | Build | House |
| 15:21 | Create | Spearman |
| 15:34 | Create | Villager (Male) |
| 15:55 | Create | Spearman |
| 16:08 | Create | Scout Cavalry |
| 16:09 | Create | Villager (Male) |
| 16:23 | Create | Scout Cavalry |
| 16:24 | Create | Archer |
| 16:24 | Create | Archer |
| 16:26 | Build | House |
| 16:46 | Create | Villager (Male) |
| 17:16 | Create | Villager (Male) |
| 17:18 | Build | Farm |
| 17:19 | Build | Farm |
| 17:20 | Build | Farm |
| 17:29 | Create | Archer |
| 17:45 | Research | Fletching |
| 17:46 | Create | Villager (Male) |
| 17:51 | Build | Farm |
| 17:52 | Build | Farm |
| 17:56 | Build | Farm |
| 18:05 | Create | Scout Cavalry |
| 18:40 | Create | Archer |
| 18:55 | Create | Archer |
| 18:56 | Create | Villager (Male) |
| 18:59 | Build | Archery Range |
| 19:04 | Create | Villager (Male) |
| 19:10 | Create | Spearman |
| 19:16 | Create | Scout Cavalry |
| 19:27 | Build | Farm |
| 19:42 | Create | Archer |
| 19:42 | Create | Archer |
| 19:42 | Create | Villager (Male) |
| 19:51 | Create | Spearman |
| 20:13 | Create | Villager (Male) |
| 20:25 | Build | Market |
| 20:28 | Create | Archer |
| 20:28 | Create | Archer |
| 20:28 | Create | Villager (Male) |
| 21:02 | Create | Archer |
| 21:02 | Create | Archer |
| 21:03 | Create | Villager (Male) |
| 21:08 | Create | Spearman |
| 21:08 | Create | Spearman |
| 21:24 | Build | House |
| 21:25 | Build | House |
| 21:26 | Build | House |
| 21:30 | Build | House |
| 21:36 | Build | House |
| 21:38 | Build | Palisade Wall |
| 21:57 | Research | Castle Age |
| 21:59 | Create | Archer |
| 21:59 | Create | Archer |
| 22:27 | Create | Villager (Male) |
| 22:31 | Create | Archer |
| 22:31 | Create | Archer |
| 22:36 | Create | Spearman |
| 22:37 | Create | Villager (Male) |
| 22:49 | Build | Palisade Wall |
| 22:54 | Create | Spearman |
| 22:59 | Build | House |
| 23:07 | Create | Villager (Male) |
| 23:08 | Create | Archer |
| 23:08 | Create | Archer |
| 23:19 | Create | Spearman |
| 23:20 | Create | Villager (Male) |
| 23:21 | Create | Archer |
| 23:30 | Build | Palisade Gate |
| 23:37 | Build | Farm |
| 23:55 | Build | Palisade Wall |
Match timeline
| 6:44 | El_Ti_Rex · first_building Barracks |
| 7:22 | Iam_SoBad · first_building Barracks |
| 7:35 | El_Ti_Rex · age_up feudal |
| 7:39 | El_Ti_Rex · first_building Stable |
| 8:02 | Iam_SoBad · wall_segment Palisade Wall x1 |
| 8:54 | Iam_SoBad · age_up feudal |
| 8:55 | Iam_SoBad · first_building Stable |
| 9:16 | El_Ti_Rex · first_building Archery Range |
| 13:45 | El_Ti_Rex · wall_segment Palisade Wall x1 |
| 14:09 | El_Ti_Rex · wall_segment Palisade Wall x1 |
| 14:11 | El_Ti_Rex · wall_segment Palisade Wall x1 |
| 21:15 | El_Ti_Rex · first_market_buy 100 food |
| 21:18 | El_Ti_Rex · first_market_sell 100 wood |
| 21:38 | El_Ti_Rex · wall_segment Palisade Wall x1 |
| 22:49 | El_Ti_Rex · wall_segment Palisade Wall x1 |
| 23:55 | El_Ti_Rex · wall_segment Palisade Wall x1 |
| 24:37 | El_Ti_Rex · age_up castle |
| 26:08 | Iam_SoBad · first_market_buy 100 food |
| 29:00 | Iam_SoBad · age_up castle |
| 30:12 | Iam_SoBad · first_building Siege Workshop |
| 30:56 | Iam_SoBad · first_market_sell 100 food |
| 33:09 | El_Ti_Rex · resign |
[ AI ANALYSIS · 1 CREDIT ]
What really happened in this match?
Wolo.gg analyzes every decision: build order, eco, micro, common mistakes by bracket. Personalized analysis on WhatsApp or Discord in 30 seconds.
Civ guide
Magyars
Perfil
Jugador #9145390